 Dungeon Crawl Stone Soup version 0.27-a0-1051-g288ea87c7c (webtiles) character file.

Game seed: 4745910130510389551

53 Cheivey the Skirmisher (level 3, 0/24 HPs)
             Began as a Gargoyle Fighter on Apr 20, 2021.
             Slain by Sigmund
             ... wielding a +0 scythe
              (6 damage)
             ... on level 2 of the Dungeon.
             The game lasted 00:02:08 (1377 turns).

Cheivey the Skirmisher (Gargoyle Fighter)           Turns: 1377, Time: 00:02:09

Health: 0/24       AC: 12    Str: 20    XL:     3   Next: 87%
Magic:  3/3        EV:  7    Int:  8    God:
Gold:   26         SH:  9    Dex:  9    Spells: 2/2 levels left

rFire    . . .     SeeInvis .   a - +0 war axe
rCold    . . .     Faith    .   c - +0 kite shield
rNeg     + + .     Spirit   .   b - +2 scale mail
rPois    ∞         Reflect  .   (no helmet)
rElec    +         Harm     .   (no cloak)
rCorr    .         Rampage  .   (no gloves)
Will     .....                  (no boots)
Stlth    ..........             (no amulet)
HPRegen  0.08/turn              f - ring of positive energy
MPRegen  0.08/turn              (no ring)

@: no status effects
A: AC +3, negative energy resistance 1, electricity resistance, torment
resistance 1, unbreathing 1, petrification resistance
a: no special abilities


You were on level 2 of the Dungeon.
You visited 1 branch of the dungeon, and saw 2 of its levels.

You collected 26 gold pieces.

Inventory:

Hand Weapons
 a - a +0 war axe (weapon)
Armour
 b - a +2 scale mail (worn)
 c - a +0 kite shield (worn)
Jewellery
 f - a ring of positive energy (left hand)


   Skills:
 + Level 3.8 Fighting
 + Level 2.3 Axes
 + Level 3.8 Armour
 + Level 3.8 Shields


You had 2 spell levels left.
You didn't know any spells.
Your spell library was empty.

Dungeon Overview and Level Annotations

Branches:
Dungeon (2/15)

Altars:

Annotations:
D:2 Sigmund


Innate Abilities, Weirdness & Mutations

Your stone body is resilient. (AC +3)
You are immune to poison.
You resist negative energy. (rN+)
You are resistant to electric shocks. (rElec)
You are resistant to unholy torment.
You can survive without breathing.
You are immune to petrification.


Message History

Sigmund hits you but does no damage.
Sigmund hits you from afar with a +0 scythe.
You block Sigmund's attack.
You see here a +0 dagger.
You closely miss Sigmund. You block Sigmund's attack.
You closely miss Sigmund. Sigmund barely misses you.
Sigmund casts a spell at himself.
Sigmund flickers and vanishes!
Deactivating autopickup; reactivate with Ctrl-A.
You closely miss something. Something hits you.
You closely miss something. Something hits you. x2
You closely miss something.
Something hits you but does no damage. x2
You closely miss something. Something hits you.
You feel much better. You block something's attack.
You completely miss something. Something hits you.
Something hits you but does no damage.
You closely miss something.
You hear some strange, mumbled words.
You are confused.
You bump into the rock wall.
Something hits you.
You miss something. Something hits you but does no damage. Something hits you.
You closely miss something. Something completely misses you.
Something hits you but does no damage. Something hits you but does no damage.
You bump into the rock wall.
Something hits you but does no damage.
You bump into the rock wall.
You feel less confused. Something hits you. Something completely misses you.
You see here a +0 dagger.
You hit something.
You hear some strange, mumbled words.
A magic dart appears from out of thin air!
The magic dart hits you.
You closely miss something. Something hits you.
Something hits you but does no damage.
You barely miss something. Something hits you.
* * * LOW HITPOINT WARNING * * *
Something hits you.
You die...

#...........#####.....
#.......)...# #####
#...........#
#...........#
#....######## ###
#....# #<# ####.# #.#
#{######### #.#
#.@.......# #.#
#########.# #.#
#.#####.# #.......#
#########


There were no monsters in sight!

Vanquished Creatures
  2 gnolls (D:1)
  5 endoplasms (D:1)
  4 goblins
  3 hobgoblins (D:1)
  2 jackals (D:1)
  5 kobolds (D:1)
  4 ball pythons (D:1)
  3 bats (D:1)
  A frilled lizard (D:1)
  3 rats (D:1)
32 creatures vanquished.

Notes
Turn   | Place    | Note
-------+----------+-------------------------------------------
     0 | D:1      | Cheivey the Gargoyle Fighter began the quest for the Orb.
     0 | D:1      | Reached XP level 1. HP: 14/14 MP: 1/1
   170 | D:1      | Reached XP level 2. HP: 12/19 MP: 2/2
   291 | D:1      | You fall into a shaft and drop 1 floor!
   311 | D:2      | Noticed Sigmund
   564 | D:1      | Reached XP level 3. HP: 9/23 MP: 3/3
  1377 | D:2      | Slain by Sigmund

Illustrated notes

Levels and vault maps discovered:
D:1:      nicolae_arrival_washed_ashore, layout_rooms, minmay_indecisive_spiral
D:2:      layout_basic, chequers_ecumenical_altar_simple, serial_glass,
          glass_columns_a, glass_columns_a, glass_columns_a, glass_columns_a,
          glass_columns_a, glass_columns_a, minmay_misc_feat_tiny, uniq_sigmund,
          uniq_jessica

Skill      XL: |  1 |
---------------+----+-----
Axes           | 2 |  2.3
Fighting       | |  3.8
Armour         | |  3.8
Shields        | |  3.8

Action                   || total
-------------------------++-------
Melee: War axe           ||    99
  Use: Potion            ||     2
       Scroll            ||     4
Armor: Scale mail        ||    55
Dodge: Dodged            ||    36
Block: Kite shield       ||    45

Table legend: (Time is in decaauts)
 A = Elapsed time spent in this place.
 B = Non-inter-level travel time spent in this place.
 C = Inter-level travel time spent in this place.
 D = Time resting spent in this place.
 E = Time spent auto-exploring this place.
 F = Levels seen in this place.
 G = Mean time per level.
                   A        B        C        D        E       F      G
               +--------+--------+--------+--------+--------+-----+--------+
         Total |   1438 |   1417 |     21 |    344 |    765 |   2 |  719.0 |
       Dungeon |   1438 |   1417 |     21 |    344 |    765 |   2 |  719.0 |
               +--------+--------+--------+--------+--------+-----+--------+

Top non-repeatable levels by time:
     D:1: 1297 daAuts
     D:2: 141 daAuts
